 Dungeon Crawl Stone Soup version 0.25.1-1-g288607f5aa (webtiles) character file.

Game seed: 6912734663055588750

98 Delamore the Cudgeler (level 4, 0/28 HPs)
             Began as a Gargoyle Fighter on July 18, 2020.
             Slain by a worker ant (3 damage)
             ... on level 2 of the Dungeon.
             The game lasted 00:02:30 (1896 turns).

Delamore the Cudgeler (Gargoyle Fighter)            Turns: 1896, Time: 00:02:30

Health: 0/28       AC: 10    Str: 20    XL:     4   Next: 71%
Magic:  4/4        EV:  8    Int:  9    God:
Gold:   167        SH:  9    Dex:  9    Spells: 3/3 levels left

rFire    . . .     SeeInvis .   a - +0 flail
rCold    + . .     Gourm    .   c - +0 kite shield
rNeg     + . .     Faith    .   v - +1 ring mail {rC+}
rPois    ∞         Spirit   .   (no helmet)
rElec    +         Reflect  .   n - +0 cloak
rCorr    +         Harm     .   u - -2 pair of gloves (curse)
MR       .....                  (no boots)
Stlth    ..........             (no amulet)
HPRegen  0.09/turn              j - ring of resist corrosion
MPRegen  0.09/turn              (no ring)

@: no status effects
A: negative energy resistance 1, electricity resistance, unbreathing,
petrification resistance, rot immunity, AC +3
a: no special abilities


You were on level 2 of the Dungeon.
You were hungry.

You visited 1 branch of the dungeon, and saw 3 of its levels.

You collected 167 gold pieces.

Inventory:

Hand Weapons
 a - a +0 flail (weapon)
Missiles
 e - 13 poisoned darts (quivered)
Armour
 b - a +0 scale mail
 c - a +0 kite shield (worn)
 m - a +0 chain mail
 n - a +0 cloak (worn)
 u - a cursed -2 pair of gloves (worn)
 v - a +1 ring mail of cold resistance (worn)
Jewellery
 j - a ring of resist corrosion (left hand)
 o - a +6 ring of intelligence {unknown}
 s - an uncursed ring of ice {unknown}
Scrolls
 h - a scroll of fog
 i - a scroll of enchant armour {unknown}
 k - 3 scrolls of identify {unknown}
 p - a scroll of remove curse {unknown}
 r - a scroll of random uselessness {unknown}
 t - a scroll of magic mapping {unknown}
 w - a scroll of teleportation {unknown}
Potions
 d - a potion of might
 g - 2 potions of heal wounds {unknown}
 l - a potion of degeneration {unknown}
 q - a potion of flight {unknown}
Comestibles
 f - 2 rations


   Skills:
 - Level 3.2 Fighting
 + Level 4.7 Maces & Flails
 - Level 3.2 Armour
 - Level 3.2 Shields


You had 3 spell levels left.
You didn't know any spells.
Your spell library was empty.

Dungeon Overview and Level Annotations

Branches:
Dungeon (3/15)

Altars:


Innate Abilities, Weirdness & Mutations

You are resistant to torment.
Your stone body is resilient. (AC +3)
You are immune to poison.
You resist negative energy. (rN+)
You are resistant to electric shocks. (rElec)
You can survive without breathing.
You are immune to petrification.
You are immune to rotting.


Message History

You climb upwards.
There is a stone staircase leading down here.
You barely miss the hobgoblin. You block the worker ant's attack.
The orc barely misses you. You block the worker ant's attack.
The hobgoblin hits you but does no damage.
The orc hits you but does no damage.
You barely miss the hobgoblin. The worker ant bites you.
* * * LOW HITPOINT WARNING * * *
The orc hits you but does no damage.
The hobgoblin hits you but does no damage.
You sock the hobgoblin!
You kill the hobgoblin!
The worker ant closely misses you. The orc hits you but does no damage.
The worker ant closely misses you.
Okay, then.
The orc hits you but does no damage. You block the worker ant's attack.
Things that are here:
a +0 club; a hobgoblin corpse The worker ant bites you.
You die...

#####.#.#######.#.##########.#
#.....<...# #..............#
#.###(#.#.# #...#########..#
#.....#.#.#####...# #..#
#..##.#.#.........# #..#
#..##.#.########..#########..#
#..##.#...................#..#
#..##.##########a)#######.#..#
#..##..........@o># #.#..#
#..##..############ #.#..#
#..##..# #.#..# #..##..#
#.#..# #..##..# #.#..#
#..##..# #.#..# #..##..#
#.#..# ##......# #.####
....#...# #.#


You could see a worker ant and an orc.

Vanquished Creatures
  4 adders (D:2)
  A dart slug (D:1)
  A leopard gecko (D:1)
  A giant cockroach (D:2)
  7 goblins
  13 hobgoblins
  7 jackals (D:1)
  6 kobolds
  3 quokkas (D:2)
  3 bats
  3 frilled lizards (D:1)
  3 rats (D:2)
52 creatures vanquished.

Notes
Turn   | Place    | Note
-------+----------+-------------------------------------------
     0 | D:1      | Delamore the Gargoyle Fighter began the quest for the Orb.
     0 | D:1      | Reached XP level 1. HP: 14/14 MP: 1/1
   105 | D:1      | Reached XP level 2. HP: 7/19 MP: 2/2
   335 | D:1      | Reached skill level 3 in Maces & Flails
   461 | D:1      | Reached XP level 3. HP: 19/23 MP: 3/3
   917 | D:2      | Reached skill level 4 in Maces & Flails
  1092 | D:2      | Reached XP level 4. HP: 28/28 MP: 4/4
  1884 | D:3      | Noticed an orc warrior
  1896 | D:2      | Slain by a worker ant

Illustrated notes

Levels and vault maps discovered:
D:1:      dpeg_arrival_stone_temple_mockup, layout_basic
D:2:      layout_basic, serial_curves, eino_curves_04, eino_curves_02
D:3:      kennysheep_goblin_castle, layout_loops_ring,
          chequers_ecumenical_altar_island, first_ration, minivault_19

Skill      XL: |  1  2  3 |
---------------+----------+-----
Maces & Flails | 3 4 |  4.7
Fighting       | |  3.2
Armour         | |  3.2
Shields        | |  3.2

Action                   |  1- 3 |  4- 6 || total
-------------------------+-------+-------++-------
Melee: Flail             |   160 |    82 ||   242
  Use: Scroll            |     1 |       ||     1
  Eat: Chunk             |     1 |     2 ||     3
Armor: Scale mail        |    72 |       ||    72
       Chain mail        |    41 |       ||    41
       Ring mail         |       |    51 ||    51
Dodge: Dodged            |    73 |    41 ||   114
Block: Kite shield       |   120 |    48 ||   168
